 Dungeon Sprint DCSS version 0.32-a0-42-ga30500b4d3 (webtiles) character file.

Game seed: 13854037258772335582

179300 rocky1 the Conqueror (level 16, 0/133 HPs)
             Began as a Gargoyle Fighter on Jan 27, 2024.
             Was the Champion of Cheibriados.
             Slain by a sphinx (9 damage)
             ... while paralysed by a sphinx
             ... in the Dungeon (Sprint IX: "|||||||||||||||||||||||||||||").
             The game lasted 00:23:07 (6894 turns).

rocky1 the Conqueror (Gargoyle Fighter)             Turns: 6894, Time: 00:23:07

Health: 0/133      AC: 30    Str: 43 (44) XL:     16   Next: 68%
Magic:  11/25      EV:  2    Int: 25      God:    Cheibriados [******]
Gold:   40         SH:  0    Dex: 24      Spells: 15/15 levels left

rFire   + . .        n - +9 morningstar (heavy)
rCold   . . .        F - +1 tower shield
rNeg    + . .        q - +0 swamp dragon scales
rPois   ∞            o - +0 helmet
rElec   +            x - +0 cloak
rCorr   .            L - +0 pair of gloves of the Monkey {Str+2}
SInv    .            (no boots)
Will    +....        z - amulet of reflection
Stlth   +            B - ring of protection from fire
HPRegen 0.42/turn    y - +4 ring of slaying
MPRegen 0.19/turn

%: no teleportation, reflection
@: paralysed, flying, slowed, very slow
A: sickness immunity, AC +12, big wings, negative energy resistance 1,
electricity resistance, torment resistance 1, petrification resistance
}: 4/17 runes: decaying, serpentine, barnacled, gossamer
a: Renounce Religion, Bend Time, Temporal Distortion, Slouch, Step From Time


You were in the Dungeon.
You worshipped Cheibriados.
Cheibriados was exalted by your worship.
You visited 1 branch You collected 1945 gold pieces.
You spent 1905 gold pieces at shops.

Inventory:

Hand Weapons
 n - a +9 heavy morningstar (weapon)
 K - a +2 demon whip of venom
Missiles
 v - 3 curare-tipped darts (quivered)
Armour
 o - a +0 helmet (worn)
 q - +0 swamp dragon scales (worn)
 x - a +0 cloak (worn)
 F - a +1 tower shield (worn)
 L - the +0 pair of gloves of the Monkey (worn) {Str+2}
   (You found it in the Dungeon)

   Str+2:     It affects your strength (+2).
Jewellery
 r - an amulet of regeneration
 t - a +6 ring of strength
 y - a +4 ring of slaying (right hand)
 z - an amulet of reflection (around neck)
 B - a ring of protection from fire (left hand)
 C - a ring of protection from cold
 D - a ring of positive energy
 E - a +6 ring of strength
 I - a +6 ring of dexterity
 J - an amulet of regeneration
Wands
 c - a wand of quicksilver (8)
 w - a wand of flame (14)
Scrolls
 j - 4 scrolls of blinking
 l - 2 scrolls of amnesia
 m - a scroll of vulnerability
 s - 3 scrolls of fog
 A - 3 scrolls of fear
 G - 4 scrolls of identify
 H - 6 scrolls of enchant armour
Potions
 a - 4 potions of mutation
 b - 4 potions of brilliance
 d - 2 potions of might
 e - 7 potions of curing
 f - 3 potions of heal wounds
 g - 2 potions of haste
 h - 4 potions of magic
 i - 2 potions of berserk rage


   Skills:
 O Level 27 Fighting
 O Level 27 Maces & Flails
 + Level 19.1 Armour
 - Level 10.5 Dodging
 - Level 0.5 Stealth
 O Level 27 Shields
 - Level 12.2 Invocations
 - Level 0.7 Evocations


You had 15 spell levels left.
You didn't know any spells.
Your spell library contained the following spells:

 Spells                   Type           Power      Damage    Failure   Level
 Stone Arrow              Conj/Erth      0%         3d7       43%         3
 Animate Armour           Summ/Erth      0%         N/A       83%         4
 Lehudib's Crystal Spear  Conj/Erth      0%         10d2      100%        8


Dungeon Overview and Level Annotations

Branches:
Dungeon (1/1)

Altars:
Cheibriados
Dithmenos
Elyvilon
Fedhas
Gozag
Hepliaklqana
Kikubaaqudgha
Makhleb
Nemelex Xobeh
Okawaru
Qazlal
Ru
Sif Muna
Trog
Uskayaw
Vehumet
Wu Jian
Xom
Yredelemnul
Zin
The Shining One
Jiyva
Lugonu

Shops:
D (==*


Innate Abilities, Weirdness & Mutations

You are immune to sickness and miasma.
Your stone body is resilient. (AC +12)
You are immune to poison.
Your large and strong wings let you fly.
You resist negative energy. (rN+)
You are resistant to electric shocks. (rElec)
You are resistant to unholy torment.
You are immune to petrification.


Message History

The white draconian hits you from afar with a +0 trident.
* * * LOW HITPOINT WARNING * * *
Activating: Slouch (1% risk of failure)
Press: ? - help, Dir - look around, f - activate You can feel time thicken for a moment.
You block the white draconian's attack. You block the mummy priest's attack.
Unknown command.
You sock the mummy priest!
The mummy priest is severely damaged.
You block the white draconian's attack.
The sphinx casts a spell.
Something smites you!
* * * LOW HITPOINT WARNING * * *
You block the mummy priest's attack. You block the white draconian's attack.
You sock the mummy priest!
The mummy priest is almost destroyed.
You block the mummy priest's attack. The white draconian misses you.
You block the mummy priest's attack.
You flatten the mummy priest like a pancake!!!!
You destroy the mummy priest!
The orange demon disappears in a puff of smoke!
You feel extremely nervous for a moment...
You are engulfed in negative energy!
You feel weakened.
The sentinel's mark upon you fades away.
You block the white draconian's attack.
The sphinx mumbles some strange words.
You suddenly lose the ability to move!
The white draconian hits you from afar with a +0 trident.
* * * LOW HITPOINT WARNING * * *
You feel your strength returning.
Your Armour skill increases to level 19!
The sphinx hits you but does no damage. x3
The white draconian barely misses you.
The sphinx mumbles some strange words.
Something smites you!
* * * LOW HITPOINT WARNING * * *
The white draconian hits you but does no damage.
The sphinx hits you!
You die...

.▓.▓.▓.▓[▓.▓[▓.▓.▓
†▓.▓.▓.▓.▓.▓†▓.▓.▓
.▓.▓'▓.▓[▓.▓[▓.▓+▓
.▓.▓)▓.▓.▓.▓)▓.▓)▓
.▓.▓)▓.▓.▓.▓)▓.▓(▓
.▓.▓)▓.▓.▓.▓÷▓.▓$▓
.▓.▓)▓.▓.▓.▓)▓.▓d▓
.▓.▓)▓.▓.▓.▓)▓.▓(▓
.▓.▓.▓.▓.▓.▓)▓.▓@▓
.▓.▓)▓.▓.▓.▓)▓.▓H▓
.▓.▓.▓.▓.▓.▓.▓.▓§▓
'♣.▓.▓.▓.▓.▓.▓.▓)▓
.♣.▓.▓.▓.▓.▓.▓.▓)▓
)♣.▓.▓.▓.▓.▓.▓.▓?▓
.♣.▓.▓.▓.▓.▓.▓.▓.▓
.♣.▓.▓.▓.▓[▓'▓.▓.▓
.♣.▓.▓.▓.▓.▓.▓.▓


You could see a white draconian and a sphinx.

Vanquished Creatures
  2 sphinxes (D)
  Kirke (D)
  2 shadow dragons (D)
  2 fire giants (D)
  4 nagarajas (D)
  Ilsuiw (D)
  3 emperor scorpions (D)
  A frost giant (D)
  3 vault wardens (D)
  3 ghost moths (D)
  An ironbound thunderhulk (D)
  A very ugly thing (D)
  7 ironbound preservers (D)
  An eleionoma (D)
  6 stone giants (D)
  3 dire elephants (D)
  A purple draconian (D)
  A bunyip (D)
  3 merfolk javelineers (D)
  2 ettins (D)
  2 merfolk impalers (D)
  A mummy priest (D)
  3 deep elf high priests (D)
  An ice dragon (D)
  10 hydras (D)
  A spriggan air mage (D)
  25 vault guards (D)
  A radroach (D)
  2 centaur warriors (D)
  A rakshasa (D)
  2 ghost crabs (D)
  2 merfolk avatars (D)
  5 merfolk aquamancers (D)
  A satyr (D)
  A two-headed ogre (D)
  A death knight (D)
  4 tengu warriors (D)
  3 naga warriors (D)
  A deep troll earth mage (D)
  2 occultists (D)
  A spriggan (D)
  Nergalle (D)
  A hell knight (D)
  Sonja (D)
  A glowing orange brain (D)
  2 sea snakes (D)
  A sun moth (D)
  3 swamp dragons (D)
  2 naga ritualists (D)
  2 flayed ghosts (D)
  3 lindwurms (D)
  An orb spider (D)
  A glowing orange brain (shapeshifter) (D)
  2 arcanists (D)
  2 steelbarb worms (D)
  An ironbound convoker (D)
  12 orc knights (D)
  A cyclops (D)
  2 ugly things (D)
  A shining eye (shapeshifter) (D)
  2 moths of wrath (D)
  A faun (shapeshifter) (D)
  2 manticores (D)
  A salamander (D)
  2 wolf spiders (D)
  Maurice (D)
  A meliai (D)
  5 vault sentinels (D)
  5 naga magi (D)
  A guardian serpent (D)
  A water nymph (D)
  2 black mambas (D)
  A gargoyle (D)
  A cane toad (D)
  A yaktaur (shapeshifter) (D)
  3 komodo dragons (D)
  A rime drake (D)
  An efreet (D)
  4 merfolk (D)
  A hornet (D)
  A tarantella (D)
  2 polar bears (D)
  A raiju (shapeshifter) (D)
  A tyrant leech (D)
  4 jumping spiders (D)
  A slime creature (D)
  A shadow (D)
  A culicivora (D)
  A wraith (D)
  A basilisk (shapeshifter) (D)
  A hog (D)
  Grum (D)
  5 yaks (D)
  A redback (D)
  4 nagas (D)
  An acid dragon (D)
  2 water moccasins (D)
  A laughing skull (D)
  2 swamp drakes (D)
  13 orc warriors (D)
  3 wolves (D)
  3 bullfrogs (D)
  A howler monkey (D)
  3 orc priests (D)
  An iron imp (D)
  An orc wizard (D)
  A gnoll (D)
  2 adders (D)
  6 ribbon worms (D)
  A dart slug (D)
  12 orcs (D)
  A giant cockroach (D)
  A jackal (D)
  A quokka (D)
  A rat (D)
278 creatures vanquished.

Vanquished Creatures (others)
  A vampire mage (D)
  A goliath frog (D)
  A swamp dragon (D)
  A spriggan druid (D)
4 creatures vanquished.

Grand Total: 282 creatures vanquished

Notes
Turn   | Place    | Note
-------+----------+-------------------------------------------
     0 | D        | rocky1 the Gargoyle Fighter began the quest for the Orb.
     0 | D        | Reached XP level 1. HP: 14/14 MP: 1/1
    29 | D        | Reached XP level 2. HP: 20/20 MP: 2/2
   143 | D        | Reached skill level 5 in Armour
   143 | D        | Reached XP level 3. HP: 20/24 MP: 3/3
   268 | D        | Found a snail-covered altar of Cheibriados.
   268 | D        | Found a shadowy altar of Dithmenos.
   268 | D        | Found a white marble altar of Elyvilon.
   268 | D        | Found a blossoming altar of Fedhas.
   268 | D        | Found an opulent altar of Gozag.
   269 | D        | Found a hazy altar of Hepliaklqana.
   270 | D        | Found a viscous altar of Jiyva.
   271 | D        | Found an ancient bone altar of Kikubaaqudgha.
   272 | D        | Found a corrupted altar of Lugonu.
   273 | D        | Found a burning altar of Makhleb.
   274 | D        | Found a sparkling altar of Nemelex Xobeh.
   275 | D        | Found an iron altar of Okawaru.
   280 | D        | Became a worshipper of Cheibriados the Contemplative
   285 | D        | Found a stormy altar of Qazlal.
   286 | D        | Found a sacrificial altar of Ru.
   287 | D        | Found a shimmering blue altar of Sif Muna.
   288 | D        | Found a bloodstained altar of Trog.
   289 | D        | Found a hide-covered altar of Uskayaw.
   290 | D        | Found a radiant altar of Vehumet.
   291 | D        | Found an ornate altar of the Wu Jian Council.
   292 | D        | Found a shimmering altar of Xom.
   293 | D        | Found a basalt altar of Yredelemnul.
   294 | D        | Found a glowing silver altar of Zin.
   295 | D        | Found a glowing golden altar of the Shining One.
   348 | D        | Noticed a wraith
   348 | D        | Noticed an acid dragon
   348 | D        | Noticed a two-headed ogre
   348 | D        | Noticed a yak
   348 | D        | Noticed a shadow
   351 | D        | Killed a yak
   352 | D        | Reached skill level 5 in Maces & Flails
   352 | D        | Reached skill level 1 in Dodging
   352 | D        | Reached skill level 5 in Shields
   352 | D        | Reached XP level 4. HP: 32/32 MP: 4/4
   352 | D        | Reached XP level 5. HP: 37/37 MP: 5/5
   353 | D        | Killed a wraith
   353 | D        | Reached * piety under Cheibriados
   353 | D        | Killed a two-headed ogre
   353 | D        | Killed a shadow
   353 | D        | Reached ** piety under Cheibriados
   354 | D        | Reached XP level 6. HP: 40/47 MP: 6/6
   354 | D        | Reached XP level 7. HP: 44/51 MP: 7/7
   354 | D        | Reached XP level 8. HP: 48/56 MP: 8/8
   581 | D        | Noticed an arcanist
   581 | D        | Noticed a slime creature
   581 | D        | Noticed a cyclops
   581 | D        | Noticed a manticore
   581 | D        | Noticed a gargoyle
   581 | D        | Noticed a meliai
   584 | D        | Killed an arcanist
   584 | D        | Killed a meliai
   584 | D        | Reached *** piety under Cheibriados
   585 | D        | Reached skill level 10 in Fighting
   585 | D        | Reached skill level 10 in Armour
   585 | D        | Reached XP level 9. HP: 30/63 MP: 9/9
   586 | D        | Reached **** piety under Cheibriados
   586 | D        | Killed a cyclops
   586 | D        | Killed a gargoyle
   936 | D        | Killed a manticore
   937 | D        | Reached skill level 15 in Maces & Flails
  1463 | D        | Noticed a komodo dragon
  1463 | D        | Noticed a polar bear
  1463 | D        | Noticed a komodo dragon
  1467 | D        | Reached skill level 1 in Invocations
  1467 | D        | Reached XP level 10. HP: 70/70 MP: 10/10
  1473 | D        | Reached ***** piety under Cheibriados
  1484 | D        | Reached ****** piety under Cheibriados
  1597 | D        | Noticed an eight-headed hydra
  1597 | D        | Noticed a cane toad
  1597 | D        | Noticed a five-headed hydra
  1602 | D        | Killed an eight-headed hydra
  1604 | D        | Killed a cane toad
  1605 | D        | Reached skill level 5 in Dodging
  1605 | D        | Reached skill level 5 in Invocations
  1607 | D        | Killed a five-headed hydra
  1608 | D        | Reached XP level 11. HP: 58/76 MP: 3/15
  1611 | D        | Reached skill level 10 in Shields
  1698 | D        | Noticed a lindwurm
  1712 | D        | Killed a lindwurm
  1885 | D        | Noticed Sonja
  1893 | D        | Killed Sonja
  2003 | D        | Noticed Maurice
  2010 | D        | Something stole 3 curare-tipped darts
  2017 | D        | Killed Maurice
  2048 | D        | Noticed Grum
  2057 | D        | Killed Grum
  2274 | D        | Noticed an orc knight
  2288 | D        | Killed an orc knight
  2375 | D        | Found Cewu's Antique Weapon Emporium.
  2375 | D        | Noticed an orc knight
  2375 | D        | Noticed an orc knight
  2375 | D        | Noticed an orc knight
  2376 | D        | Noticed an orc knight
  2377 | D        | Noticed an orc knight
  2380 | D        | Killed an orc knight
  2383 | D        | Noticed an orc knight
  2383 | D        | Killed an orc knight
  2386 | D        | Noticed an orc knight
  2387 | D        | Killed an orc knight
  2389 | D        | Killed an orc knight
  2390 | D        | Reached skill level 15 in Fighting
  2397 | D        | Killed an orc knight
  2398 | D        | Found Zeobaj's Jewellery Shoppe.
  2400 | D        | Killed an orc knight
  2401 | D        | Reached XP level 12. HP: 13/88 MP: 17/19
  2409 | D        | Found Huef's Jewellery Emporium.
  2468 | D        | Found Koecwal's General Store.
  2495 | D        | Reached skill level 10 in Invocations
  2541 | D        | Bought a +4 ring of slaying for 1092 gold pieces
  2545 | D        | Bought an amulet of reflection for 390 gold pieces
  2552 | D        | Bought a scroll of fear for 56 gold pieces
  2552 | D        | Bought a potion of curing for 42 gold pieces
  2554 | D        | Bought a ring of protection from fire for 325 gold pieces
  2831 | D        | Noticed a death knight
  2831 | D        | Noticed a centaur warrior
  2836 | D        | Noticed a stone giant
  2842 | D        | Killed a death knight
  2843 | D        | Noticed a tengu warrior
  2845 | D        | Killed a stone giant
  2845 | D        | Noticed an occultist
  2846 | D        | Noticed a deep troll earth mage
  2847 | D        | Killed a centaur warrior
  2857 | D        | Noticed a tengu warrior
  2858 | D        | Killed an occultist
  2859 | D        | Killed a deep troll earth mage
  2859 | D        | Noticed a fire giant
  2865 | D        | Killed a tengu warrior
  2867 | D        | Killed a fire giant
  2877 | D        | HP: 4/95 [tengu warrior/+1 great sword of protection (8)]
  2880 | D        | Killed a tengu warrior
  3287 | D        | Noticed a vampire mage
  3288 | D        | Noticed a stone giant
  3288 | D        | Killed a vampire mage
  3293 | D        | Killed a stone giant
  3419 | D        | Reached XP level 13. HP: 81/100 MP: 21/21
  3479 | D        | Reached skill level 15 in Shields
  3601 | D        | Noticed a bunyip
  3604 | D        | Noticed an eleionoma
  3607 | D        | Killed an eleionoma
  3611 | D        | Killed a bunyip
  4311 | D        | Noticed Nergalle
  4314 | D        | Noticed Kirke
  4317 | D        | Killed Nergalle
  4321 | D        | Killed Kirke
  4383 | D        | Noticed an ice dragon
  4383 | D        | Noticed an ettin
  4383 | D        | Noticed a stone giant
  4388 | D        | Noticed a stone giant
  4388 | D        | Killed an ice dragon
  4394 | D        | Killed a stone giant
  4397 | D        | Gained mutation: Your large and strong wings let you fly.
                  | [Gargoyle growth]
  4397 | D        | Reached XP level 14. HP: 73/110 MP: 23/23
  4401 | D        | Killed a stone giant
  4406 | D        | Noticed a frost giant
  4409 | D        | Noticed a brown very ugly thing
  4414 | D        | a black bear changed into a broodmother
  4414 | D        | Noticed a broodmother (glowing shapeshifter)
  4421 | D        | Killed a frost giant
  4421 | D        | a broodmother changed into a skyshark
  4425 | D        | Killed a brown very ugly thing
  4588 | D        | Reached skill level 15 in Armour
  4638 | D        | Noticed a stone giant
  4644 | D        | Killed a stone giant
  4695 | D        | Noticed a dire elephant
  4695 | D        | Noticed an ironbound preserver
  4695 | D        | Noticed a sphinx
  4695 | D        | Noticed an ironbound preserver
  4695 | D        | Noticed a dire elephant
  4702 | D        | Killed an ironbound preserver
  4704 | D        | Killed a dire elephant
  4706 | D        | Killed a sphinx
  4709 | D        | Killed an ironbound preserver
  4710 | D        | Noticed a vault warden
  4711 | D        | Killed a dire elephant
  4716 | D        | Noticed an ironbound preserver
  4718 | D        | Noticed an ironbound preserver
  4718 | D        | Noticed an ironbound preserver
  4722 | D        | Noticed a dire elephant
  4725 | D        | Killed a vault warden
  4725 | D        | Noticed an ironbound preserver
  4731 | D        | Killed an ironbound preserver
  4733 | D        | Killed an ironbound preserver
  4739 | D        | Killed an ironbound preserver
  4739 | D        | Noticed an ironbound thunderhulk
  4745 | D        | Killed a dire elephant
  4745 | D        | Noticed a vault warden
  4746 | D        | Reached skill level 10 in Dodging
  4753 | D        | Killed an ironbound preserver
  4771 | D        | Killed a vault warden
  4778 | D        | Killed an ironbound thunderhulk
  5421 | D        | Got the +0 pair of gloves of the Monkey {Str+2}
  5566 | D        | Reached XP level 15. HP: 122/122 MP: 24/24
  5614 | D        | Got a decaying rune of Zot
  5621 | D        | Noticed a nagaraja
  5622 | D        | Noticed a nagaraja
  5626 | D        | Killed a nagaraja
  5629 | D        | Noticed a nagaraja
  5631 | D        | Killed a nagaraja
  5639 | D        | Noticed a nagaraja
  5646 | D        | Killed a nagaraja
  5652 | D        | Killed a nagaraja
  5660 | D        | Got a serpentine rune of Zot
  6039 | D        | Noticed Ilsuiw
  6059 | D        | Killed Ilsuiw
  6081 | D        | Got a barnacled rune of Zot
  6104 | D        | Noticed an emperor scorpion
  6373 | D        | Killed an emperor scorpion
  6385 | D        | Killed a ghost moth
  6386 | D        | Killed a ghost moth
  6387 | D        | Reached skill level 27 in Fighting
  6407 | D        | Killed a ghost moth
  6411 | D        | Noticed an emperor scorpion
  6411 | D        | Noticed an emperor scorpion
  6419 | D        | Killed an emperor scorpion
  6423 | D        | Killed an emperor scorpion
  6426 | D        | Got a gossamer rune of Zot
  6711 | D        | Reached skill level 27 in Shields
  6721 | D        | Reached XP level 16. HP: 133/133 MP: 25/25
  6823 | D        | Noticed a sphinx
  6835 | D        | Noticed a shadow dragon
  6837 | D        | Paralysed by a sphinx for 5 turns
  6841 | D        | Killed a sphinx
  6851 | D        | Noticed a shadow dragon
  6864 | D        | Killed a shadow dragon
  6877 | D        | Killed a shadow dragon
  6879 | D        | Reached skill level 27 in Maces & Flails
  6882 | D        | Noticed a sphinx
  6892 | D        | Paralysed by a sphinx for 3 turns
  6894 | D        | Slain by a sphinx

Illustrated notes

Levels and vault maps discovered:
D:        linesprint [early_d, line_temple, items_1, d_10, items_2, lair_1,
          lair_end, items_3, orc_1, orc_end, items_4, d_15, swamp_1, shoals_1,
          snake_1, spider_1, d_20, vaults_1, items_5, swamp_end, shoals_end,
          snake_end, spider_end, vaults_end, d_27, items_6, zot_1, zot_end,
          crypt_end, forest_end, elf_end, slime_end, tomb_end, abyss_end,
          pan_hell_end]

Skill      XL: |  1  2  3  4  5  6  7  8  9 10 11 12 13 14 15 16 |
---------------+-------------------------------------------------+-----
Armour         | 4 5 7 9 10 11 12 13 14 15 16 19 | 19.1
Fighting       | 4 6 9 10 11 12 15 19 21 24 27 | 27.0
Shields        | 4 5 7 8 9 11 13 19 24 27 | 27.0
Maces & Flails | 3 5 11 13 15 17 18 21 27 | 27.0
Dodging        | 1 2 3 4 5 6 7 8 10 | 10.5
Invocations    | 1 5 9 11 12 | 12.2
Stealth        | |  0.5
Evocations     | |  0.7

Action                     |  1- 3 |  4- 6 |  7- 9 | 10-12 | 13-15 | 16-18 || total
---------------------------+-------+-------+-------+-------+-------+-------++-------
  Melee: Flail             |    45 |       |       |       |       |       ||    45
         Morningstar       |       |       |     9 |   206 |   343 |   108 ||   666
 Invoke: Slouch            |       |       |       |     2 |     7 |     4 ||    13
  Evoke: Wand              |     3 |     2 |     5 |       |       |       ||    10
    Use: Potion            |       |       |       |     4 |     4 |     4 ||    12
         Scroll            |       |       |       |     4 |     6 |       ||    10
 Armour: Scale mail        |    33 |     2 |    12 |   108 |    46 |       ||   201
         Swamp dragon scal |       |       |       |       |   107 |    46 ||   153
  Dodge: Dodged            |    19 |       |     6 |   116 |   120 |    32 ||   293
  Block: Buckler           |     6 |       |     7 |    49 |       |       ||    62
         Tower shield      |       |       |       |    96 |   533 |   151 ||   780
         Reflection        |       |       |       |     6 |    19 |       ||    25

Table legend: (Time is in decaauts)
 A = Elapsed time spent in this place.
 B = Non-inter-level travel time spent in this place.
 C = Inter-level travel time spent in this place.
 D = Time resting spent in this place.
 E = Time spent auto-exploring this place.
 F = Levels seen in this place.
 G = Mean time per level.
                   A        B        C        D        E       F      G
               +--------+--------+--------+--------+--------+-----+--------+
         Total |   8418 |   8418 |      0 |   4390 |      0 |   1 | 8418.0 |
       Dungeon |   8418 |   8418 |      0 |   4390 |      0 |   1 | 8418.0 |
               +--------+--------+--------+--------+--------+-----+--------+

Top non-repeatable levels by time:
       D: 8418 daAuts
